AoeStats
← CCZROK

Arabia

503245746Analyzed
1v1 RM · 1mo ago on Aug 30, 2026· 27m 8s· 2 players
Game mode
Random Map
Map size
Tiny (2 player)
Population
200
Speed
Normal
Resources
Standard
Victory
Conquest
Starting age
Dark Age
Ending age
Imperial Age
RankedLock teamsTeams togetherTeam positionsShared explorationLock speedFull tech treeHidden civsTurbo modeCheats
Victory
Defeat
🇺🇸 Poles · United States
709
+19
🇫🇷 Lithuanians · France
771
-19
nottheboss
4:10 Loom
12:14 Feudal Age
12:39 Horse Collar
12:50 Double-Bit Axe
16:48 Wheelbarrow
16:29 Bloodlines
20:33 Castle Age
18:47 Gold Mining
19:26 Scale Barding Armor
20:03 Forging
20:18 Scale Mail Armor
22:19 Iron Casting
25:14 Town Watch
26:32 Heavy Plow
26:47 Stone Mining
27:19 Husbandry
CCZROK
6:44 Loom
11:30 Feudal Age
13:52 Double-Bit Axe
15:17 Gold Mining
15:26 Fletching
16:20 Gold Mining
23:51 Forging
24:01 Horse Collar
28:19 Castle Age
Connection lost

Rejoining the realm…

Still unreachable

The connection could not be restored.

Session expired

The server has moved on; the page needs a fresh start.